[Event "FIDE WYCC Girls U18 2023"]
[Site "Montesilvano"]
[Date "2023.11.20"]
[Round "7.14"]
[White "Largo, Franchesca"]
[Black "Margadgua Erdenebayar"]
[Result "0-1"]
[ECO "B51"]
[WhiteElo "1658"]
[BlackElo "2013"]
[Annotator "NA RC"]
[PlyCount "96"]
[EventDate "2023.11.13"]
[EventType "swiss"]
[EventCountry "ITA"]
[SourceTitle "playchess.com"]
[Source "ChessBase"]
[SourceQuality "1"]
[TimeControl "40/5400+30:1800+30"]

1. e4 c5 2. Nf3 d6 3. Bb5+ Nd7 4. c3 Ngf6 5. Qe2 e6 6. d4 Be7 7. O-O a6 8. Bd3 cxd4 9. cxd4 e5 10. Rd1 O-O 11. Nc3 h6 12. h3 Re8 13. Be3 Bf8 14. Rac1 b5 15. a3 exd4 16. Bxd4 Bb7 17. b4 Qe7 18. Re1 Qe6 19. Bb1 Qe7 20. Nd2 Rac8 21. f4 g6 22. Ba2 Kh7 23. e5 Nh5 24. Qf2 Ng7 25. Nde4 dxe5 26. fxe5 Bxe4 27. Nxe4 Rxc1 28. Rxc1 Nf5 29. Nd6 Qg5 30. Be3 Qe7 31. Nxf5 gxf5 32. Qxf5+ Kh8 33. Bd4 Bg7 34. Bb1 Nf8 35. Re1 Qd7 36. Qe4 Ng6 37. Ba2 Bxe5 38. Bxe5+ Rxe5 39. Qa8+ Kg7 40. Rf1 Rf5 41. Rxf5 Qxf5 42. Bd5 Qf6 43. Qc6 Qa1+ 44. Kh2 Qe5+ 45. Kg1 Ne7 46. Qxa6 Qxd5 47. Qa7 Nc6 48. Qb6 Qd4+ 0-1

[Event "FIDE WYCC Girls U18 2023"]
[Site "Montesilvano"]
[Date "2023.11.20"]
[Round "7.15"]
[White "Dakic, Marta"]
[Black "Shohradova, Lala"]
[Result "*"]
[ECO "C02"]
[WhiteElo "2013"]
[BlackElo "1846"]
[Annotator "NA RC"]
[PlyCount "67"]
[EventDate "2023.11.13"]
[EventType "swiss"]
[EventCountry "ITA"]
[SourceTitle "playchess.com"]
[Source "ChessBase"]
[SourceQuality "1"]
[TimeControl "40/5400+30:1800+30"]

1. e4 e6 2. d4 d5 3. e5 c5 4. c3 Nc6 5. Nf3 Bd7 6. Be2 Nge7 7. O-O Nf5 8. dxc5 Bxc5 9. b4 Be7 10. Re1 O-O 11. Bd3 g6 12. Bxf5 gxf5 13. Bh6 Re8 14. b5 Na5 15. Nd4 Kh8 16. Qh5 Rg8 17. Nd2 Rg4 18. N2f3 Qg8 19. g3 Rc8 20. h3 Rg6 21. Nh4 Rxh6 22. Qxh6 Rxc3 23. Nhf3 Nc4 24. Qf4 f6 25. h4 fxe5 26. Nxe5 Bd6 27. Ndf3 Rxf3 28. Qxf3 Nxe5 29. Qc3 Qg7 30. a4 d4 31. Qb3 d3 32. Rxe5 Qxe5 33. Rd1 d2 34. Kg2 *

[Event "FIDE WYCC Girls U18 2023"]
[Site "Montesilvano"]
[Date "2023.11.20"]
[Round "7.16"]
[White "Wan, Qian"]
[Black "Abrisqueta Zudaire, Leyre"]
[Result "1/2-1/2"]
[ECO "D02"]
[WhiteElo "1945"]
[BlackElo "2137"]
[Annotator "NA RC"]
[PlyCount "140"]
[EventDate "2023.11.13"]
[EventType "swiss"]
[EventCountry "ITA"]
[SourceTitle "playchess.com"]
[Source "ChessBase"]
[SourceQuality "1"]
[TimeControl "40/5400+30:1800+30"]

1. d4 d5 2. Nf3 c5 3. dxc5 e6 4. Bg5 Nf6 5. e3 Bxc5 6. Be2 O-O 7. O-O Nbd7 8. a3 Qc7 9. Nbd2 b6 10. c4 Bb7 11. Rc1 dxc4 12. Nxc4 Bd5 13. b4 Be7 14. Nce5 Qd8 15. Nc6 Bxc6 16. Rxc6 Nd5 17. Bxe7 Qxe7 18. e4 N5f6 19. e5 Nd5 20. Bc4 Nf4 21. Rc7 Rfd8 22. g3 Ng6 23. Qe2 Rdc8 24. Rb7 Rcb8 25. Rxb8+ Rxb8 26. Ba6 Rd8 27. h4 h6 28. Bd3 Ngxe5 29. Nxe5 Nxe5 30. Qxe5 Rxd3 31. Rc1 Qb7 32. a4 Rd5 33. Qc3 Kh7 34. Kh2 Rf5 35. Qe3 Qd5 36. Rc7 Qa2 37. Kg2 Qd5+ 38. Kh2 a5 39. bxa5 bxa5 40. Rc2 Re5 41. Qc3 Re4 42. Rd2 Qf5 43. Qc2 g6 44. Kg2 Qe5 45. Rd7 Kg7 46. Ra7 Re1 47. Qd3 Qc5 48. Qd7 Qf5 49. Qd4+ Qe5 50. Qd3 Rc1 51. Qf3 Rc7 52. Ra6 Qe1 53. Qe3 Qxe3 54. fxe3 Rc5 55. Ra7 g5 56. hxg5 hxg5 57. Kf3 Kg6 58. g4 f5 59. gxf5+ exf5 60. Ra6+ Kh5 61. Ra8 Re5 62. Ra6 Rc5 63. Ra8 Rc3 64. Rxa5 f4 65. Re5 fxe3 66. Rxe3 g4+ 67. Kf2 Rc4 68. Re8 Rxa4 69. Rh8+ Kg6 70. Kg3 Kf6 1/2-1/2

[Event "FIDE WYCC Girls U18 2023"]
[Site "Montesilvano"]
[Date "2023.11.20"]
[Round "7.17"]
[White "Menon, Gauri"]
[Black "Starosta, Martyna"]
[Result "0-1"]
[ECO "A28"]
[WhiteElo "1821"]
[BlackElo "2208"]
[Annotator "RC"]
[PlyCount "86"]
[EventDate "2023.11.13"]
[EventType "swiss"]
[EventCountry "ITA"]
[SourceTitle "playchess.com"]
[Source "ChessBase"]
[SourceQuality "1"]
[TimeControl "40/5400+30:1800+30"]

1. c4 e5 2. Nc3 Nf6 3. Nf3 Nc6 4. a3 d5 5. cxd5 Nxd5 6. Qc2 Be7 7. e3 O-O 8. Bd3 h6 9. Nxd5 Qxd5 10. Be4 Qd6 11. Qc3 Bd7 12. Bxc6 Bxc6 13. Qxe5 Qxe5 14. Nxe5 Bxg2 15. Rg1 Bd5 16. d3 Kh7 17. e4 Bd6 18. Ng4 Be6 19. e5 Be7 20. f4 Rad8 21. Ke2 Bf5 22. Nf2 f6 23. b4 fxe5 24. Bb2 Bf6 25. fxe5 Bh4 26. d4 Bg6 27. Nd1 c6 28. Rc1 Bh5+ 29. Kd3 Rf3+ 30. Ke4 Rh3 31. b5 Bf3+ 32. Kf5 g6+ 33. Rxg6 Rf8+ 34. Rf6 Bxf6 35. exf6 Bxd1 36. d5 Rh5+ 37. Ke6 Rxd5 38. bxc6 bxc6 39. Rxc6 Rdd8 40. Rc7+ Kg6 41. Rg7+ Kh5 42. f7 Bb3+ 43. Kf6 Rd7 0-1

[Event "FIDE WYCC Girls U18 2023"]
[Site "Montesilvano"]
[Date "2023.11.20"]
[Round "7.18"]
[White "Cornileau, Juliette"]
[Black "Egger, Stefanie"]
[Result "1-0"]
[ECO "D31"]
[WhiteElo "2089"]
[BlackElo "1784"]
[Annotator "NA RC"]
[PlyCount "81"]
[EventDate "2023.11.13"]
[EventType "swiss"]
[EventCountry "ITA"]
[SourceTitle "playchess.com"]
[Source "ChessBase"]
[SourceQuality "1"]
[TimeControl "40/5400+30:1800+30"]

1. d4 d5 2. c4 e6 3. Nc3 a6 4. cxd5 exd5 5. Bf4 Nf6 6. e3 Bd6 7. Bg5 c6 8. Bd3 O-O 9. Nge2 Nbd7 10. f3 Qc7 11. e4 dxe4 12. fxe4 Bb4 13. a3 Ba5 14. e5 Nd5 15. O-O Nxc3 16. bxc3 c5 17. Nf4 Nxe5 18. Bxh7+ Kxh7 19. Nd5 Ng6 20. Nxc7 Bxc7 21. h4 cxd4 22. cxd4 Kg8 23. h5 Nh8 24. Qf3 Bb6 25. Rad1 Be6 26. Be3 Bc4 27. Rf2 Rfe8 28. Rb2 Bd8 29. Rxb7 Bf6 30. d5 Rad8 31. d6 Bb5 32. Qf2 Bc6 33. Rc7 Bb5 34. Ra7 Re6 35. d7 Re7 36. Bb6 Rexd7 37. Raxd7 Rxd7 38. Rxd7 Bxd7 39. Qc2 g6 40. h6 Bg5 41. Bd4 1-0

[Event "FIDE WYCC Girls U18 2023"]
[Site "Montesilvano"]
[Date "2023.11.20"]
[Round "7.19"]
[White "Sevcikova, Lucia"]
[Black "Soares, Sara Joana De Moura "]
[Result "1-0"]
[ECO "D31"]
[WhiteElo "2047"]
[BlackElo "1772"]
[Annotator "NA RC"]
[PlyCount "73"]
[EventDate "2023.11.13"]
[EventType "swiss"]
[EventCountry "ITA"]
[SourceTitle "playchess.com"]
[Source "ChessBase"]
[SourceQuality "1"]
[TimeControl "40/5400+30:1800+30"]

1. d4 d5 2. c4 e6 3. Nc3 Be7 4. cxd5 exd5 5. Bf4 Nf6 6. e3 c6 7. Bd3 Nbd7 8. Qc2 O-O 9. Nf3 Re8 10. O-O Nf8 11. h3 Ne6 12. Be5 g6 13. Rab1 a5 14. a3 Ng7 15. Na4 Bf5 16. Bxf5 Nxf5 17. b4 axb4 18. axb4 b5 19. Nc5 Nd7 20. Rfc1 Bxc5 21. bxc5 Nh4 22. Bg3 Nf5 23. Bf4 Qc8 24. Ra1 Qb7 25. Qb2 Ng7 26. Ne1 Nh5 27. Bh2 Nhf6 28. Nd3 Ne4 29. Rxa8 Rxa8 30. f3 Nef6 31. Ra1 Ra7 32. Rxa7 Qxa7 33. Nb4 Qa8 34. Qa2 Qe8 35. Kf2 Nh5 36. Qa6 Qe7 37. Qxc6 1-0

[Event "FIDE WYCC Girls U18 2023"]
[Site "Montesilvano"]
[Date "2023.11.20"]
[Round "7.20"]
[White "Follana Albelda, Lucia"]
[Black "Latifah, Darmaki"]
[Result "*"]
[WhiteElo "1946"]
[BlackElo "1367"]
[Annotator "NA RC"]
[PlyCount "89"]
[EventDate "2023.11.13"]
[EventType "swiss"]
[EventCountry "ITA"]
[SourceTitle "playchess.com"]
[Source "ChessBase"]
[SourceQuality "1"]
[TimeControl "40/5400+30:1800+30"]

1. e4 e5 2. Nf3 Nc6 3. Bc4 Bc5 4. d3 Nf6 5. c3 d6 6. O-O a6 7. Bb3 Ba7 8. Nbd2 h6 9. Re1 g5 10. Nf1 g4 11. N3d2 Rg8 12. Nc4 h5 13. Be3 Bxe3 14. Ncxe3 h4 15. Qc2 Nh7 16. Qe2 Bd7 17. Nd5 Ng5 18. Kh1 Na5 19. Bc2 h3 20. g3 Nf3 21. Red1 Nc6 22. Nfe3 Be6 23. b4 Rg6 24. a4 Ne7 25. d4 c6 26. Nxe7 Qxe7 27. d5 Bd7 28. dxc6 bxc6 29. Nf5 Bxf5 30. exf5 Rf6 31. Qe4 d5 32. Qxg4 e4 33. Qxh3 Rd8 34. Kg2 Qe5 35. g4 Rdd6 36. Qg3 Qxc3 37. Bd3 Rh6 38. h3 Qe5 39. Qxe5+ Nxe5 40. Bxa6 d4 41. Re1 Kd8 42. Rxe4 Nd7 43. Rd1 c5 44. Bb5 Nf6 45. Ree1 *

[Event "FIDE WYCC Girls U18 2023"]
[Site "Montesilvano"]
[Date "2023.11.20"]
[Round "7.21"]
[White "Hernandez Ortega, Carolina"]
[Black "Groeschel, Karoline"]
[Result "*"]
[ECO "B58"]
[WhiteElo "1796"]
[BlackElo "1924"]
[Annotator "NA RC"]
[PlyCount "89"]
[EventDate "2023.11.13"]
[EventType "swiss"]
[EventCountry "ITA"]
[SourceTitle "playchess.com"]
[Source "ChessBase"]
[SourceQuality "1"]
[TimeControl "40/5400+30:1800+30"]

1. e4 c5 2. Nf3 d6 3. d4 cxd4 4. Nxd4 Nf6 5. Nc3 Nc6 6. Be2 g6 7. O-O Bg7 8. Nb3 O-O 9. f4 a6 10. Be3 b5 11. Bf3 Bb7 12. e5 dxe5 13. Nc5 exf4 14. Qxd8 Nxd8 15. Bxb7 Nxb7 16. Rxf4 Nd6 17. Bd4 Rfc8 18. Rf3 Nf5 19. Bf2 Ng4 20. Nb3 Nxf2 21. Rxf2 Bxc3 22. bxc3 Rxc3 23. Re1 Rac8 24. Ree2 e6 25. Rd2 R3c7 26. Na1 e5 27. g4 Nd4 28. Rf6 Rc6 29. Rdf2 Rxf6 30. Rxf6 Rc6 31. Rxc6 Nxc6 32. Kf2 f5 33. gxf5 gxf5 34. c3 Kf7 35. Nb3 a5 36. Nc5 Ke7 37. Ke3 Kd6 38. Nb3 a4 39. Nd2 Kd5 40. h4 Na5 41. Nf3 f4+ 42. Ke2 h5 43. Ng5 e4 44. Nh7 Ke5 45. Nf8 *

[Event "FIDE WYCC Girls U18 2023"]
[Site "Montesilvano"]
[Date "2023.11.20"]
[Round "7.22"]
[White "Wisniowski, Natalie"]
[Black "O'Carroll, Om"]
[Result "1-0"]
[ECO "D10"]
[WhiteElo "1901"]
[BlackElo "1737"]
[Annotator "NA RC"]
[PlyCount "111"]
[EventDate "2023.11.13"]
[EventType "swiss"]
[EventCountry "ITA"]
[SourceTitle "playchess.com"]
[Source "ChessBase"]
[SourceQuality "1"]
[TimeControl "40/5400+30:1800+30"]

1. d4 d5 2. c4 c6 3. cxd5 cxd5 4. Nf3 Nf6 5. Nc3 Nc6 6. Bf4 a6 7. Ne5 Bf5 8. e3 e6 9. Rc1 Be7 10. Be2 O-O 11. g4 Be4 12. f3 Nxe5 13. dxe5 Nxg4 14. Nxe4 Qb6 15. Qd4 Qa5+ 16. Nc3 Bc5 17. Qd2 Nxe3 18. Bxe3 d4 19. Bf2 Rfd8 20. Qc2 dxc3 21. bxc3 Bxf2+ 22. Kxf2 Qxe5 23. Qe4 Qc5+ 24. Qe3 Qa5 25. Rhd1 Qxa2 26. Qb6 Rdb8 27. Rd7 Qa4 28. Rcd1 Qh4+ 29. Kg2 Qg5+ 30. Kh1 h5 31. Rxb7 Rc8 32. Qd4 a5 33. Rg1 Qh6 34. Rb5 Rd8 35. Qe5 Rd2 36. Qe4 Rdd8 37. Rbg5 g6 38. Qh4 Kf8 39. Rxa5 Rdc8 40. Qb4+ Kg8 41. Rxa8 Rxa8 42. Qe4 Ra2 43. Rd1 Qg5 44. c4 h4 45. f4 Qc5 46. Kg2 h3+ 47. Kf1 Qa3 48. Qd3 Qb2 49. Rb1 Qf6 50. Qe3 Rc2 51. Qe5 Qxe5 52. fxe5 Rc3 53. Kf2 Kg7 54. Rg1 Ra3 55. Rg3 Ra5 56. Re3 1-0

[Event "FIDE WYCC Girls U18 2023"]
[Site "Montesilvano"]
[Date "2023.11.20"]
[Round "7.23"]
[White "Katter, Katharina"]
[Black "Tsapaki, Asimenia"]
[Result "*"]
[ECO "E11"]
[WhiteElo "1887"]
[BlackElo "1702"]
[Annotator "NA COMBH"]
[PlyCount "65"]
[EventDate "2023.11.13"]
[EventType "swiss"]
[EventCountry "ITA"]
[SourceTitle "playchess.com"]
[Source "ChessBase"]
[SourceQuality "1"]
[TimeControl "40/5400+30:1800+30"]

1. d4 Nf6 2. c4 e6 3. Nf3 Bb4+ 4. Nbd2 b6 5. a3 Bxd2+ 6. Qxd2 Bb7 7. e3 O-O 8. Be2 d6 9. b4 Nbd7 10. O-O Qe7 11. Bb2 e5 12. d5 Rfd8 13. Rad1 h6 14. Qc2 c6 15. dxc6 Bxc6 16. Nd2 Rac8 17. Qb3 Ne4 18. Nxe4 Bxe4 19. f3 Bf5 20. Qa4 Nf8 21. Rd2 Ng6 22. Kh1 Qg5 23. Qb3 Be6 24. a4 Nh4 25. g3 Nf5 26. f4 Nxg3+ 27. hxg3 Qxg3 28. Bd3 e4 29. f5 Bxf5 30. Bc2 d5 31. Rg2 Qh3+ 32. Kg1 g5 33. cxd5 *

[Event "FIDE WYCC Girls U18 2023"]
[Site "Montesilvano"]
[Date "2023.11.20"]
[Round "7.24"]
[White "Alexandrova, Angelina"]
[Black "Lindstad, Livia"]
[Result "*"]
[WhiteElo "1814"]
[BlackElo "1848"]
[Annotator "NA COMBH"]
[PlyCount "64"]
[EventDate "2023.11.13"]
[EventType "swiss"]
[EventCountry "ITA"]
[SourceTitle "playchess.com"]
[Source "ChessBase"]
[SourceQuality "1"]
[TimeControl "40/5400+30:1800+30"]

1. d4 Nf6 2. Nf3 b6 3. g3 Bb7 4. Bg2 e6 5. c4 Be7 6. O-O O-O 7. b3 c5 8. e3 Qc7 9. Nc3 Ne4 10. Bb2 f5 11. d5 Nxc3 12. Bxc3 exd5 13. cxd5 d6 14. Rc1 Nd7 15. Qd3 a5 16. Rfe1 h6 17. e4 fxe4 18. Qxe4 Bf6 19. Bh3 Rae8 20. Be6+ Kh8 21. Nh4 Bxh4 22. Qxh4 Ne5 23. Bxe5 dxe5 24. Rcd1 Qd6 25. Qg4 Rf6 26. f3 Ref8 27. Re3 Rd8 28. Rde1 Bxd5 29. Bxd5 Qxd5 30. Qe4 Qxe4 31. Rxe4 Rxf3 32. Rxe5 Rd2 *

[Event "FIDE WYCC Girls U18 2023"]
[Site "Montesilvano"]
[Date "2023.11.20"]
[Round "7.25"]
[White "Tikvesli, Ceylin"]
[Black "Hoanca, Alexia-Ioana"]
[Result "*"]
[ECO "B14"]
[WhiteElo "1736"]
[BlackElo "1830"]
[Annotator "NA COMBH"]
[PlyCount "62"]
[EventDate "2023.11.13"]
[EventType "swiss"]
[EventCountry "ITA"]
[SourceTitle "playchess.com"]
[Source "ChessBase"]
[SourceQuality "1"]
[TimeControl "40/5400+30:1800+30"]

1. e4 c6 2. d4 d5 3. exd5 cxd5 4. c4 Nf6 5. Nc3 g6 6. cxd5 Nxd5 7. Nf3 Bg7 8. Bc4 Nxc3 9. bxc3 O-O 10. O-O Nc6 11. Ba3 Na5 12. Bd3 b6 13. Re1 Re8 14. Ng5 e5 15. Qf3 Be6 16. Nxe6 Rxe6 17. d5 Rf6 18. Qe2 Rc8 19. c4 Rf4 20. Rac1 Qd7 21. Bb4 e4 22. Bxe4 Bd4 23. Bf3 Nxc4 24. g3 Rxf3 25. Qxf3 Ne5 26. Rxc8+ Qxc8 27. Qe2 Qd7 28. Kg2 Qxd5+ 29. Qe4 Qc4 30. Bd6 f6 31. Qa8+ Kf7 *

[Event "FIDE WYCC Girls U18 2023"]
[Site "Montesilvano"]
[Date "2023.11.20"]
[Round "7.26"]
[White "Swara Lakshmi S Nair"]
[Black "Sipos, Stefania"]
[Result "*"]
[ECO "C45"]
[WhiteElo "1659"]
[BlackElo "1932"]
[Annotator "NA RC"]
[PlyCount "63"]
[EventDate "2023.11.13"]
[EventType "swiss"]
[EventCountry "ITA"]
[SourceTitle "playchess.com"]
[Source "ChessBase"]
[SourceQuality "1"]
[TimeControl "40/5400+30:1800+30"]

1. e4 e5 2. Nf3 Nc6 3. d4 exd4 4. Nxd4 Bc5 5. Nb3 Bb6 6. Nc3 Nf6 7. Qe2 a5 8. a4 O-O 9. Be3 d5 10. Bxb6 cxb6 11. O-O-O Re8 12. f3 Bd7 13. Nxd5 Nxd5 14. Rxd5 Nb4 15. Rd2 Qc7 16. Qc4 Qxc4 17. Bxc4 Bxa4 18. Nd4 Rec8 19. b3 Bd7 20. Kb2 Rc5 21. c3 Na6 22. Rhd1 g6 23. Nc2 Bb5 24. Rd8+ Rxd8 25. Rxd8+ Kg7 26. Bxb5 Rxb5 27. Nd4 Rh5 28. h3 Nc5 29. Kc2 b5 30. b4 Na4 31. Rd7 axb4 32. cxb4 *

[Event "FIDE WYCC Girls U18 2023"]
[Site "Montesilvano"]
[Date "2023.11.20"]
[Round "7.27"]
[White "Belattar, Ines"]
[Black "Hyatt, Jessica"]
[Result "1-0"]
[ECO "D00"]
[WhiteElo "1623"]
[BlackElo "1818"]
[Annotator "NA COMBH"]
[PlyCount "152"]
[EventDate "2023.11.13"]
[EventType "swiss"]
[EventCountry "ITA"]
[SourceTitle "playchess.com"]
[Source "ChessBase"]
[SourceQuality "1"]
[TimeControl "40/5400+30:1800+30"]

1. d4 d5 2. Bf4 e6 3. e3 Bd6 4. Bg3 c5 5. c3 Nc6 6. Nd2 Nf6 7. Ngf3 O-O 8. Bd3 c4 9. Bc2 b5 10. e4 dxe4 11. Nxe4 Be7 12. Qe2 Nd5 13. a4 Ba6 14. axb5 Bxb5 15. Ned2 Rc8 16. Ne5 Ndb4 17. Bb1 Nxd4 18. Qe4 Ndc2+ 19. Bxc2 f5 20. Qb7 Nxc2+ 21. Ke2 Nxa1 22. Qxb5 Rc5 23. Qa6 Rxe5+ 24. Bxe5 Qd3+ 25. Kd1 Nb3 26. Qxe6+ Kh8 27. Bxg7+ Kxg7 28. Qxe7+ Rf7 29. Qg5+ Kf8 30. Re1 Qd6 31. Kc2 Nc5 32. Qe3 Nd3 33. Re2 Nf4 34. Nxc4 Qc7 35. Qe8+ Kg7 36. Qe5+ Kg6 37. Nd6 Nxe2 38. Nxf7 Qc4 39. Nd6 Qa4+ 40. Kd2 Qf4+ 41. Qxf4 Nxf4 42. g3 Ne6 43. Nb5 a6 44. Nd4 Nc5 45. b4 Ne4+ 46. Kc2 Nxf2 47. c4 Ng4 48. b5 axb5 49. cxb5 Ne5 50. b6 Nd7 51. b7 Kg5 52. Nf3+ Kf6 53. Kd2 Ke6 54. Ng5+ Kd6 55. Nxh7 Kc7 56. Ke3 Kxb7 57. Kf4 Kc6 58. Kxf5 Kd6 59. Nf6 Nf8 60. h4 Ke7 61. h5 Kf7 62. h6 Ng6 63. g4 Nh4+ 64. Kg5 Nf3+ 65. Kf4 Nd4 66. g5 Kg6 67. h7 Kg7 68. Ke4 Ne6 69. g6 Kh8 70. Nd7 Ng5+ 71. Kf4 Nxh7 72. Kg4 Kg7 73. Kh5 Kg8 74. Kh6 Kh8 75. g7+ Kg8 76. Kg6 Nf8+ 1-0

[Event "FIDE WYCC Girls U18 2023"]
[Site "Montesilvano"]
[Date "2023.11.20"]
[Round "7.28"]
[White "Keerti Shree Reddy"]
[Black "Saraci, Rinesa"]
[Result "1-0"]
[ECO "B92"]
[WhiteElo "1741"]
[BlackElo "1481"]
[Annotator "NA COMBH"]
[PlyCount "63"]
[EventDate "2023.11.13"]
[EventType "swiss"]
[EventCountry "ITA"]
[SourceTitle "playchess.com"]
[Source "ChessBase"]
[SourceQuality "1"]
[TimeControl "40/5400+30:1800+30"]

1. e4 c5 2. Nf3 d6 3. d4 cxd4 4. Nxd4 Nf6 5. Nc3 a6 6. Be2 e5 7. Nb3 Be7 8. Be3 b5 9. Nd5 Nbd7 10. a4 Bb7 11. axb5 axb5 12. Rxa8 Bxa8 13. Bxb5 Nxe4 14. Bb6 Qc8 15. Nc7+ Kf8 16. Nxa8 Qxa8 17. Bxd7 Qb7 18. Bf5 Ng5 19. Be3 Qxg2 20. Kd2 d5 21. Kc1 Nf3 22. Kb1 Nxh2 23. Rg1 Qf3 24. Qd3 d4 25. Qb5 Qa8 26. Qxe5 f6 27. Qg3 g5 28. Nxd4 Qd5 29. Qxh2 h5 30. Qb8+ Bd8 31. Be6 Qa5 32. Nc6 1-0

[Event "FIDE WYCC Girls U18 2023"]
[Site "Montesilvano"]
[Date "2023.11.20"]
[Round "7.29"]
[White "Sukyte, Kotryna"]
[Black "Changkachith, Alyssa"]
[Result "1-0"]
[ECO "D35"]
[WhiteElo "1651"]
[BlackElo "1147"]
[Annotator "NA COMBH"]
[PlyCount "75"]
[EventDate "2023.11.13"]
[EventType "swiss"]
[EventCountry "ITA"]
[SourceTitle "playchess.com"]
[Source "ChessBase"]
[SourceQuality "1"]
[TimeControl "40/5400+30:1800+30"]

1. d4 d5 2. c4 e6 3. Nc3 Nf6 4. cxd5 exd5 5. Bg5 Be7 6. e3 c6 7. Bd3 Nbd7 8. Nge2 h6 9. Bh4 Nh5 10. Bxe7 Qxe7 11. Qd2 Nb6 12. b3 Bd7 13. O-O O-O 14. Rae1 Rfe8 15. Kh1 Qd6 16. f3 f5 17. e4 f4 18. e5 Qf8 19. Bg6 Re7 20. Bxh5 g5 21. g3 fxg3 22. Nxg3 Qg7 23. f4 gxf4 24. Qxf4 Be6 25. Qf6 Nd7 26. Qxg7+ Rxg7 27. Nce2 Kh8 28. Nf4 Nf8 29. Nxe6 Nxe6 30. Rf6 Nxd4 31. Rxh6+ Kg8 32. e6 Re7 33. Bf7+ Kg7 34. Rg6+ Kh7 35. Rg4 Nf3 36. Re3 Nd2 37. Nf5 Rxf7 38. Rh3# 1-0

[Event "FIDE WYCC Girls U18 2023"]
[Site "Montesilvano"]
[Date "2023.11.20"]
[Round "7.30"]
[White "Nielsen-Refs, Ingrid Elmer"]
[Black "Stagno, Milena"]
[Result "0-1"]
[ECO "D11"]
[WhiteElo "1676"]
[BlackElo "1444"]
[Annotator "NA COMBH"]
[PlyCount "78"]
[EventDate "2023.11.13"]
[EventType "swiss"]
[EventCountry "ITA"]
[SourceTitle "playchess.com"]
[Source "ChessBase"]
[SourceQuality "1"]
[TimeControl "40/5400+30:1800+30"]

1. d4 d5 2. c4 c6 3. Nf3 Nf6 4. e3 e6 5. b3 Nbd7 6. Bb2 Bd6 7. Bd3 O-O 8. Qc2 Qe7 9. Ne5 c5 10. O-O b6 11. Nd2 Bb7 12. Rad1 h6 13. cxd5 exd5 14. f4 Rac8 15. Qb1 Rfe8 16. Rf3 c4 17. bxc4 dxc4 18. Bxc4 Bxe5 19. Rg3 Bd6 20. Qg6 Qf8 21. Qxh6 Rxe3 22. Qh4 Rxg3 23. hxg3 Bb4 24. Kf2 Qd8 25. Qh3 Kf8 26. Qh8+ Ng8 27. d5 Ndf6 28. Bd3 Qxd5 29. Nf3 Ng4+ 30. Kg1 Bc5+ 31. Kh1 f6 32. Be2 Nf2+ 33. Kh2 Nxd1 34. Qh3 Nf2 35. Qh4 Nh6 36. Bxf6 Nhg4+ 37. Kg1 Nxf6 38. Qh8+ Qg8 39. Qh4 Qh7 0-1

[Event "FIDE WYCC Girls U18 2023"]
[Site "Montesilvano"]
[Date "2023.11.20"]
[Round "7.31"]
[White "Ajradinoska, Indzi"]
[Black "Darweeche, Roaa"]
[Result "1/2-1/2"]
[ECO "D04"]
[WhiteElo "1594"]
[BlackElo "1406"]
[Annotator "NA COMBH"]
[PlyCount "121"]
[EventDate "2023.11.13"]
[EventType "swiss"]
[EventCountry "ITA"]
[SourceTitle "playchess.com"]
[Source "ChessBase"]
[SourceQuality "1"]
[TimeControl "40/5400+30:1800+30"]

1. d4 d5 2. Nf3 Nf6 3. e3 Bg4 4. Nbd2 e6 5. Be2 c5 6. O-O Nc6 7. c3 Rc8 8. Re1 Bd6 9. Bd3 O-O 10. h3 Bh5 11. dxc5 Bxc5 12. Qc2 e5 13. b4 Bb6 14. Bf5 Rc7 15. Qb3 e4 16. Nh2 Ne7 17. Bg4 Nxg4 18. hxg4 Bg6 19. Bb2 Qc8 20. Rac1 Rd8 21. c4 dxc4 22. Nxc4 Rd3 23. Qa4 f6 24. Nxb6 axb6 25. b5 Bf7 26. Qxe4 Rd2 27. Rxc7 Qxc7 28. Rc1 Qd7 29. Bd4 Nd5 30. a3 Ra2 31. Qd3 Nc7 32. Qc3 Ne8 33. Qb4 Qe6 34. a4 h6 35. Bb2 Qb3 36. Qxb3 Bxb3 37. Bd4 Bxa4 38. Bxb6 Bxb5 39. Nf1 Bd7 40. f3 Bc6 41. Ng3 Rd2 42. Nf5 Kf7 43. Nd4 Bd7 44. Rb1 Rd3 45. Bc5 Bc8 46. Kf2 Rc3 47. Bb4 Rc7 48. Ba5 Rd7 49. Rc1 Nd6 50. Nf5 Nxf5 51. gxf5 b6 52. Bxb6 Bb7 53. Bd4 Ba6 54. g4 Bb7 55. Rc3 Ba6 56. f4 Bb7 57. Rc1 Be4 58. Rc3 Rb7 59. Rc1 Rd7 60. Rc3 Rb7 61. Rc1 1/2-1/2

[Event "FIDE WYCC Girls U18 2023"]
[Site "Montesilvano"]
[Date "2023.11.20"]
[Round "7.32"]
[White "Mohd Azman, Farihah Nur Aisyah"]
[Black "Zubova, Darja"]
[Result "*"]
[ECO "D02"]
[WhiteElo "1379"]
[BlackElo "1582"]
[Annotator "NA COMBH"]
[PlyCount "83"]
[EventDate "2023.11.13"]
[EventType "swiss"]
[EventCountry "ITA"]
[SourceTitle "playchess.com"]
[Source "ChessBase"]
[SourceQuality "1"]
[TimeControl "40/5400+30:1800+30"]

1. d4 d5 2. Nf3 Nf6 3. Bf4 c5 4. c3 Nc6 5. e3 Qb6 6. Qb3 c4 7. Qc2 Bf5 8. Qc1 e6 9. Nbd2 Be7 10. Be2 h6 11. h3 O-O 12. O-O Rac8 13. Re1 Qd8 14. Bd1 b5 15. Bc2 Bxc2 16. Qxc2 b4 17. e4 Nd7 18. Re2 Re8 19. exd5 exd5 20. Rae1 Nf8 21. Ne5 Ne6 22. Nxf7 b3 23. axb3 Nexd4 24. Nxh6+ Kh8 25. Nf7+ Kg8 26. Nxd8 Nxc2 27. Rc1 cxb3 28. Nxc6 Rxc6 29. Nxb3 Rb6 30. Rcxc2 Rxb3 31. Rcd2 Rb5 32. Re5 Rf8 33. Rxe7 Rxf4 34. Rxa7 Rf5 35. b4 Re5 36. Kf1 Rb6 37. Ra5 Rbe6 38. g3 Re1+ 39. Kg2 Rc1 40. Raxd5 Rxc3 41. R5d3 Rc1 42. Rb3 *

[Event "FIDE WYCC Girls U18 2023"]
[Site "Montesilvano"]
[Date "2023.11.20"]
[Round "7.33"]
[White "Gonzalez Romo, Greshya Jocelyn"]
[Black "Chavez Echeverria, Ana Karen"]
[Result "1/2-1/2"]
[ECO "B13"]
[WhiteElo "1494"]
[BlackElo "1230"]
[Annotator "NA COMBH"]
[PlyCount "48"]
[EventDate "2023.11.13"]
[EventType "swiss"]
[EventCountry "ITA"]
[SourceTitle "playchess.com"]
[Source "ChessBase"]
[SourceQuality "1"]
[TimeControl "40/5400+30:1800+30"]

1. e4 c6 2. d4 d5 3. exd5 cxd5 4. Bd3 Nf6 5. c3 Nc6 6. Bf4 Bg4 7. Qb3 Na5 8. Qa4+ Bd7 9. Qc2 Rc8 10. Nf3 b5 11. Qe2 a6 12. O-O e6 13. Ne5 Nc4 14. b4 Be7 15. Bxc4 bxc4 16. a4 O-O 17. Nd2 Be8 18. Rfe1 Nd7 19. Ndf3 Nxe5 20. Nxe5 Bg5 21. Bg3 Bh4 22. Bf4 Bg5 23. Bg3 Bh4 24. Bf4 Bg5 1/2-1/2

[Event "FIDE WYCC Girls U18 2023"]
[Site "Montesilvano"]
[Date "2023.11.20"]
[Round "7.34"]
[White "Wolf, Elena"]
[Black "Galli, Maria Vittoria"]
[Result "*"]
[ECO "C50"]
[WhiteElo "1195"]
[BlackElo "1452"]
[Annotator "NA COMBH"]
[PlyCount "60"]
[EventDate "2023.11.13"]
[EventType "swiss"]
[EventCountry "ITA"]
[SourceTitle "playchess.com"]
[Source "ChessBase"]
[SourceQuality "1"]
[TimeControl "40/5400+30:1800+30"]

1. e4 e5 2. Nf3 Nc6 3. Bc4 Bc5 4. O-O Nf6 5. d4 Bxd4 6. Nxd4 Nxd4 7. Bg5 h6 8. Bh4 d6 9. f3 c6 10. c3 Ne6 11. Na3 Qe7 12. Nc2 O-O 13. Ne3 Nf4 14. g3 Nh3+ 15. Kg2 Ng5 16. g4 Ne6 17. Qc1 Nf4+ 18. Kh1 g5 19. Bf2 d5 20. exd5 N6xd5 21. Qe1 Nxe3 22. Qxe3 Kg7 23. Qe4 f5 24. gxf5 Bxf5 25. Qe3 Rfe8 26. h4 Kh7 27. Qe1 e4 28. Qe3 exf3 29. Qd2 Rad8 30. Qc1 Qe4 *